 Dungeon Crawl Stone Soup version 0.27-a0-679-g77a6b55cf3 (webtiles) character file.

Game seed: 6854016368592228909

95 kae the Ruffian (level 4, -6/57 HPs)
             Began as a Naga Transmuter on Mar 18, 2021.
             Mangled by a gnoll
             ... wielding a +0 flail
              (8 damage)
             ... on level 2 of the Dungeon.
             The game lasted 00:01:42 (3304 turns).

kae the Ruffian (Naga Transmuter)                   Turns: 3304, Time: 00:01:43

Health: -6/57      AC: 22    Str: 14    XL:     4   Next: 65%
Magic:  7/7        EV:  1    Int: 13    God:
Gold:   59         SH:  0    Dex: 11    Spells: 3/7 levels left

rFire    . . .     SeeInvis +   c - +1 whip
rCold    . . .     Faith    .   (no shield)
rNeg     + + +     Spirit   .   (armour currently unavailable)
rPois    +         Reflect  .   (helmet currently unavailable)
rElec    .         Harm     .   (cloak currently unavailable)
rCorr    .         Rampage  .   (gloves currently unavailable)
Will     .....     NoTele   +   (no barding)
Stlth    ..........             (no amulet)
HPRegen  0.19/turn              (no ring)
MPRegen  0.10/turn              (no ring)

@: tree-form, silenced, weak-willed
A: stationary, stasis, torment immunity, boosted hp, AC +1, large, see
invisible, (deformed body), (poison resistance), (slowness 2), spit poison 1,
(naga tail 1)
a: Spit Poison


You were on level 2 of the Dungeon.
You were a tree.
You visited 1 branch of the dungeon, and saw 2 of its levels.

You collected 59 gold pieces.

Inventory:

Hand Weapons
 c - a +1 whip (weapon)
Armour
 a - a +0 robe (melded)
Scrolls
 d - a scroll of holy word
 h - a scroll of magic mapping {unknown}
 i - a scroll of random uselessness {unknown}
 k - a scroll of amnesia {unknown}
 l - a scroll of teleportation {unknown}
 n - a scroll of identify {unknown}
Potions
 m - a potion of attraction {unknown}


   Skills:
 + Level 1.5 Fighting
 + Level 2.0 Dodging
 * Level 3.7 Unarmed Combat
 + Level 2.3 Spellcasting
 * Level 2.8 Transmutations
 * Level 1.8 Poison Magic


You had 3 spell levels left.
You knew the following spells:

 Your Spells              Type           Power      Damage    Failure   Level
a - Beastly Appendage     Tmut           16%        N/A       8%          1
b - Spider Form           Tmut/Pois      3%         N/A       28%         3

Your spell library contained the following spells:

 Spells                   Type           Power      Damage    Failure   Level
 Wereblood                Tmut           8%         N/A       12%         2
 Ice Form                 Ice/Tmut       5%         N/A       80%         4
 Blade Hands              Tmut           4%         N/A       91%         5


Dungeon Overview and Level Annotations

Branches:
Dungeon (2/15)

Altars:


Innate Abilities, Weirdness & Mutations

You are a tree.
Your roots penetrate the ground, keeping you stationary.
You cannot be teleported.
You are immune to unholy pain and torment.
Your maximum health is greatly increased.
Your equipment is partially melded.
((Your serpentine skin is tough. (AC +1)))
You have supernaturally acute eyesight. (SInv)
((Armour fits poorly on your strangely shaped body.))
((Your system is resistant to poisons. (rPois)))
((You cover ground very slowly.))
You can spit poison.
((You have a snake-like lower body.))


Message History

It was a potion of lignification.
Your horns disappear.
You turn into a tree.
Your +0 robe melds into your body.
Your roots penetrate the ground.
The gnoll hits you but does no damage.
The quokka bites you but does no damage.
The gnoll hits you with a +0 flail.
* * * LOW HITPOINT WARNING * * *
You hit the gnoll.
The gnoll is heavily wounded.
The gnoll hits you but does no damage.
The quokka bites you but does no damage.
The gnoll hits you from afar with a +0 spear.
* * * LOW HITPOINT WARNING * * *
The gnoll hits you but does no damage.
You whack the gnoll!
You kill the gnoll!
The quokka bites you but does no damage.
The gnoll hits you but does no damage. x2
The quokka bites you but does no damage.
You hit the gnoll.
The gnoll is heavily wounded.
The gnoll hits you but does no damage.
The quokka bites you but does no damage.
You cannot move.
You hit the gnoll.
The gnoll is severely wounded.
The gnoll hits you from afar with a +0 spear.
* * * LOW HITPOINT WARNING * * *
The quokka bites you but does no damage.
The gnoll hits you but does no damage.
You hit the gnoll but do no damage.
The gnoll is severely wounded.
The quokka bites you but does no damage.
The gnoll hits you but does no damage. x3
The quokka bites you but does no damage.
The gnoll hits you but does no damage.
You hit the gnoll but do no damage.
The gnoll is severely wounded.
The gnoll hits you but does no damage. The gnoll hits you with a +0 flail!
You die...

###♣♣♣♣.♣♣♣ ♣)......#
##♣♣.♣.♣♣♣♣ ♣.......#
##.♣♣.♣♣♣.♣♣♣..######
#).♣♣♣...♣..♣♣.#
....♣♣♣♣♣♣.♣..##
#.♣..♣).♣.♣♣.##
.#....♣)(....# #.#.
P........#.>.######.....
##.#.##.##......♣g...<..
##.#............grg.....
..<........(>...........
#.##....................
#.##.#####...#####......
.....# #..........[...
#.#### #...########.##.#
#.# #...# .##.# #.#
####.<.#### #.#..♣


You could see 3 gnolls and a quokka (weak-willed).

Vanquished Creatures
  Jessica (D:2)
  A gnoll (D:2)
  An adder (D:2)
  4 leopard geckos
  A ball python (D:1)
  3 giant cockroaches
  7 goblins
  4 hobgoblins
  7 kobolds
  2 quokkas (D:2)
  3 bats (D:1)
  3 frilled lizards (D:2)
  9 rats
46 creatures vanquished.

Vanquished Creatures (others)
  A bush (D:2)
  6 plants (D:2)
7 creatures vanquished.

Grand Total: 53 creatures vanquished

Notes
Turn   | Place    | Note
-------+----------+-------------------------------------------
     0 | D:1      | kae the Naga Transmuter began the quest for the Orb.
     0 | D:1      | Reached XP level 1. HP: 18/18 MP: 3/3
   485 | D:1      | Reached XP level 2. HP: 4/25 MP: 5/5
  1689 | D:2      | Reached XP level 3. HP: 29/31 MP: 6/6
  1696 | D:2      | Learned a level 3 spell: Spider Form
  2481 | D:2      | Reached skill level 1 in Poison Magic
  2647 | D:2      | Noticed Jessica
  2651 | D:2      | Killed Jessica
  2652 | D:2      | Reached XP level 4. HP: 25/38 MP: 5/7
  2815 | D:2      | HP: 1/38 [kobold/+0 dagger (4)]
  3262 | D:2      | Found a faded altar of an unknown god.
  3299 | D:2      | HP: 2/57 [gnoll/+0 spear (2)]
  3304 | D:2      | Mangled by a gnoll

Illustrated notes

Levels and vault maps discovered:
D:1:      roderic_crossed_star, layout_basic, st_stairs_8,
          minmay_misc_feat_square
D:2:      layout_loops_cross, serial_forest, infiniplex_forest_3_way,
          infiniplex_forest_side_room, infiniplex_forest_clump_curved,
          infiniplex_forest_pool, infiniplex_forest_side_room,
          infiniplex_forest_straight_4, chequers_ecumenical_altar_grove,
          minmay_strange_pillars, uniq_jessica

Skill      XL: |  1  2  3  4 |
---------------+-------------+-----
Poison Magic   | 1 |  1.8
Dodging        | 2 |  2.0
Fighting       | |  1.5
Unarmed Combat | |  3.7
Spellcasting   | |  2.3
Transmutations | |  2.8

Action                   |  1- 3 |  4- 6 || total
-------------------------+-------+-------++-------
Melee: Whip              |    83 |    27 ||   110
       Unarmed           |     4 |       ||     4
       Headbutt          |     6 |       ||     6
       Punch             |     1 |       ||     1
 Cast: Beastly Appendage |    13 |     5 ||    18
 Abil: Spit Poison       |    28 |     4 ||    32
  Use: Scroll            |       |     4 ||     4
       Potion            |       |     2 ||     2
Armor: Robe              |    20 |     3 ||    23
       Skin              |       |    20 ||    20
Dodge: Dodged            |    49 |    16 ||    65

Table legend: (Time is in decaauts)
 A = Elapsed time spent in this place.
 B = Non-inter-level travel time spent in this place.
 C = Inter-level travel time spent in this place.
 D = Time resting spent in this place.
 E = Time spent auto-exploring this place.
 F = Levels seen in this place.
 G = Mean time per level.
                   A        B        C        D        E       F      G
               +--------+--------+--------+--------+--------+-----+--------+
         Total |   3741 |   3708 |     33 |    304 |   3055 |   2 | 1870.5 |
       Dungeon |   3741 |   3708 |     33 |    304 |   3055 |   2 | 1870.5 |
               +--------+--------+--------+--------+--------+-----+--------+

Top non-repeatable levels by time:
     D:1: 1920 daAuts
     D:2: 1821 daAuts
